 Dungeon Crawl Stone Soup version 0.13.1-19-g4b9377e (webtiles) character file.

120 Kae the Vexing (level 2, -2/13 HPs)
             Began as a Spriggan Enchanter on Dec 21, 2013.
             Slain by a worm (10 damage)
             ... on Level 2 of the Dungeon.
             The game lasted 00:01:01 (837 turns).

Kae the Vexing (Spriggan Enchanter)                  Turns: 837, Time: 00:01:01

HP  -2/13        AC  3     Str  4      XL: 2   Next: 86%
MP   0/6         EV 18     Int 16      God:
Gold 95          SH  0     Dex 16      Spells:  2 memorised,  1 level left

Res.Fire  : . . .   See Invis. : +   a - +1 dagger {=f}
Res.Cold  : . . .   Warding    : .   b - +1 robe
Life Prot.: . . .   Conserve   : .   (shield restricted)
Res.Poison: .       Res.Corr.  : .   (helmet restricted)
Res.Elec. : .       Clarity    : .   (no cloak)
Sust.Abil.: . .     Spirit.Shd : .   (gloves unavailable)
Res.Mut.  : .       Stasis     : .   (boots unavailable)
Res.Rott. : .       Flight     : .   (no amulet)
Saprovore : . . .                    (no ring)
                                     (no ring)

@: very slightly contaminated, very quick, slightly resistant to hostile
enchantments, stealthy
A: unfitting armour, see invisible, herbivore 3, speed 3, slow metabolism 2
a: no special abilities


You were on level 2 of the Dungeon.
You were not hungry.

You visited 1 branch of the dungeon, and saw 2 of its levels.

You collected 75 gold pieces.

Inventory:

Hand weapons
 a - a +1,+1 dagger (weapon) {=f}
Missiles
 d - 42 darts (quivered)
Armour
 b - a +1 robe (worn)
Comestibles
 q - a choko
 r - an apple
Scrolls
 f - 2 scrolls of teleportation {unknown}
 g - 3 scrolls of identify {unknown}
 h - 2 scrolls of amnesia {unknown}
 j - a scroll of remove curse {unknown}
 k - a scroll of enchant weapon I {unknown}
 l - a scroll of fear {unknown}
 m - a scroll of enchant weapon II {unknown}
 o - a scroll of random uselessness {unknown}
 p - a scroll of magic mapping {unknown}
Potions
 e - a potion of porridge
 i - a potion of flight {unknown}
 n - a potion of heal wounds {unknown}
 s - a potion of curing {unknown}
Books
 c - a book of Maledictions

   Spells                             Type                      Level
   *Corona                            Hexes                        1
   Sure Blade                         Hexes/Charms                 2
   *Ensorcelled Hibernation           Hexes/Ice                    2
   Confuse                            Hexes                        3
   Enslavement                        Hexes                        4
   Invisibility                       Hexes                        6


   Skills:
 * Level 2.1 Short Blades
 - Level 1.1 Throwing
 - Level 3.0 Dodging
 * Level 3.6 Stealth
 + Level 1.7 Spellcasting
 + Level 4.1 Hexes


You had one spell level left.
You knew the following spells:

 Your Spells              Type           Power        Failure   Level  Hunger
a - Corona                Hex            ##.....      4%          1    ##.....
b - Ensorcelled Hibernat  Hex/Ice        #.....       17%         2    ###....


Dungeon Overview and Level Annotations

Branches:
Dungeon (2/27)

Altars:


Innate Abilities, Weirdness & Mutations

You are tiny and cannot use many weapons and most armour.
You have supernaturally acute eyesight.
You are a herbivore.
You cover ground extremely quickly.
You need consume almost no food.


Message History

Aiming: Ensorcelled Hibernation
Press: ? - help, Shift-Dir - straight line, f/p - worm
Aim: a worm (moderately wounded)
The worm looks drowsy...
Casting: Ensorcelled Hibernation
Confirm with . or Enter, or press ? or * to list all spells.
You don't have enough magic to cast that spell.
The helpless worm fails to defend itself.
You slice the worm!!
The worm is almost dead.
You hit the worm.
The worm is almost dead.
The worm bites you.
You hit the worm.
The worm is almost dead.
You barely miss the worm.
The worm is almost dead.
The worm bites you!
Ouch! That really hurt!
You die...

..# ..# # ..# ... ..##
.... ...# ####...#.
...# #........ .#.#
#..?..... .#.#
######w.......# ...#
#..)..@.......# ...#
#.............# ...#
#...$.........# ...#
#.........###.# ...#
#.........##
...########............
####.................##
####........####.......
...#........# #####+#


You could see a worm.

Vanquished Creatures
  A gnoll (D:1)
  2 giant geckos (D:2)
  A giant cockroach (D:1)
  2 goblins
  2 hobgoblins (D:1)
  A kobold (D:1)
  2 bats
  A giant newt (D:1)
  2 rats (D:1)
14 creatures vanquished.

Notes
Turn   | Place    | Note
--------------------------------------------------------------
     0 | D:1      | Kae, the Spriggan Enchanter, began the quest for the Orb.
     0 | D:1      | Reached XP level 1. HP: 9/9 MP: 4/4
   106 | D:1      | Reached XP level 2. HP: 10/13 MP: 6/6
   126 | D:1      | Learned a level 2 spell: Ensorcelled Hibernation
   709 | D:2      | Reached skill level 4 in Hexes
   837 | D:2      | Slain by a worm

Action                   || total
-------------------------++-------
Melee: Dagger            ||    54
 Cast: Ensorcelled Hiber ||     2
 Stab: Sleeping          ||     7
